 Dungeon Crawl Stone Soup version 0.28.0 (webtiles) character file.

Game seed: 14986557162718370744

2 snetch the Magician (level 1, 0/15 HPs)
             Began as a Djinni Fire Elementalist on Feb 7, 2022.
             Slain by a quokka (2 damage)
             ... on level 1 of the Dungeon.
             The game lasted 00:00:18 (21 turns).

snetch the Magician (Djinni Fire Elementalist)        Turns: 21, Time: 00:00:18

Health: 0/15       AC:  2    Str:  7    XL:     1   Next: 33%
Gold:   0          EV: 12    Int: 16    God:
                   SH:  0    Dex: 13

rFire   + + .      SeeInvis .   (no weapon)
rCold   x . .      Faith    .   (no shield)
rNeg    . . .      Spirit   .   a - +0 robe
rPois   ∞          Reflect  .   (no helmet)
rElec   .          Harm     .   (no cloak)
rCorr   .          Rampage  .   (no gloves)
Will    .....                   (boots unavailable)
Stlth   ++........              (no amulet)
HPRegen 0.05/turn               (no ring)
MPRegen 0.00/turn               (no ring)

@: flying
A: sickness immunity, fire resistance 2, cold vulnerability 1, float, innate
caster, HP casting, extra vitality 1
a: no special abilities


You were on level 1 of the Dungeon.
You visited 1 branch of the dungeon, and saw 1 of its levels.

Inventory:

Missiles
 b - 19 stones
Armour
 a - a +0 robe (worn)


   Skills:
 + Level 2.2 Dodging
 + Level 1.5 Stealth
 + Level 2.4 Spellcasting


You couldn't memorise any spells.
You knew the following spells:

 Your Spells              Type           Power      Damage    Failure   Level
a - Foxfire               Conj/Fire      36%        2x1d5     7%          1
b - Scorch                Fire           18%        2d5       11%         2
c - Conjure Flame         Conj/Fire      9%         6-21      22%         3
d - Inner Flame           Hex/Fire       9%         N/A       22%         3
e - Flame Wave            Conj/Fire      9%         2d5       56%         4
Your spell library was empty.

Dungeon Overview and Level Annotations

Branches:
Dungeon (1/15)

Altars:


Innate Abilities, Weirdness & Mutations

You are immune to sickness and miasma.
You are immune to poison.
Your flesh is very heat resistant. (rF++)
You are vulnerable to cold. (rC-)
You float through the air rather than walking.
You learn spells naturally, not from books.
Your magical power is your life essence.
You have superior vitality. (+4 MHP)


Message History

You see here 19 stones.
b - 19 stones A frilled lizard and a kobold come into view.
Found a gold piece.
The kobold shouts!
The frilled lizard hisses angrily.
You hear a shout!
You hear an angry hiss.
A hobgoblin and a quokka come into view.
Found a scroll labelled MOOL SIMAINK.
The ball python bites you. The ball python grabs you.
The ball python constricts you.
You conjure some foxfire!
The ball python bites you. The ball python constricts you.
The kobold hits you with a +0 whip.
* * * LOW HITPOINT WARNING * * *
A ball python comes into view. x2
You are too injured to fight recklessly!
Unknown command.
You escape the ball python's grasp.
The foxfire hits the ball python.
The ball python is heavily wounded.
Unknown command.
Casting: Foxfire (safe; 8% risk of failure)
Press: ? - help, Q - select action, (/) - cycle Dir - look around, f - activate You conjure some foxfire!
* * * LOW HITPOINT WARNING * * *
The quokka closely misses you.
The foxfire hits the frilled lizard.
The frilled lizard is heavily wounded.
The quokka barely misses you.
The foxfire hits the frilled lizard.
You kill the frilled lizard!
Casting: Foxfire (safe; 8% risk of failure)
Press: ? - help, Q - select action, (/) - cycle Dir - look around, f - activate You conjure some foxfire!
* * * LOW HITPOINT WARNING * * *
The quokka misses you.
The foxfire hits the ball python.
You kill the ball python!
The foxfire hits the quokka.
The quokka is heavily wounded.
The quokka closely misses you.
Unknown command.
The quokka bites you.
You die...

.# #. #. .#
#.# #.#
#..###..
#..#..#
#..#..#
#...# #.<@#
#..r##
.##.#
#..#K.#
.#..#
#..#.S##
....
#..###.†#
... #.#
##g# .. .
#. #.##.#
... .#
##.#.#.....
##.S......


You could see a quokka, a hobgoblin, a ball python and a kobold.

Vanquished Creatures
  A ball python (D:1)
  A frilled lizard (D:1)
2 creatures vanquished.

Vanquished Creatures (others)
  4 foxfires (D:1)
4 creatures vanquished.

Grand Total: 6 creatures vanquished

Notes
Turn   | Place    | Note
-------+----------+-------------------------------------------
     0 | D:1      | snetch the Djinni Fire Elementalist began the quest for the
                  | Orb.
     0 | D:1      | Reached XP level 1. HP: 15/15 MP: 0/0
    21 | D:1      | Slain by a quokka

Illustrated notes

Levels and vault maps discovered:
D:1:      dpeg_arrival_simpleton_a, layout_rooms

Action                   || total
-------------------------++-------
 Cast: Foxfire           ||     3
Dodge: Dodged            ||     4
